 Dungeon Crawl Stone Soup version 0.26-a0-682-g294304f6e8 (webtiles) character file.

Game seed: 3752680696436098853

1033 karrick the Cudgeler (level 8, -2/48 HPs)
             Began as a Gargoyle Gladiator on Oct 22, 2020.
             Was an Initiate of Okawaru.
             Slain by a centaur (9 damage)
             ... on level 6 of the Dungeon.
             The game lasted 00:08:04 (5313 turns).

karrick the Cudgeler (Gargoyle Gladiator)           Turns: 5313, Time: 00:08:04

Health: -2/48      AC:  0    Str: 17 (19) XL:     8   Next: 24%
Magic:  8/8        EV: 13    Int:  8 (9)  God:    Okawaru [......]
Gold:   104        SH:  0    Dex: 10 (12) Spells: 7/7 levels left

rFire    . . .     SeeInvis .   g - +2 dagger (venom)
rCold    . . .     Faith    .   (no shield)
rNeg     + . .     Spirit   .   b - +0 leather armour
rPois    ∞         Reflect  .   c - +0 helmet
rElec    +         Harm     .   y - +0 cloak
rCorr    .         Rampage  .   (no gloves)
MR       .....                  (no boots)
Stlth    ++........             (no amulet)
HPRegen  0.16/turn              (no ring)
MPRegen  0.11/turn              (no ring)

@: corroded
A: negative energy resistance 1, electricity resistance, unbreathing,
petrification resistance, rot immunity, AC +5
a: Renounce Religion


You were on level 6 of the Dungeon.
You worshipped Okawaru.
Okawaru was noncommittal.
You visited 2 branches of the dungeon, and saw 7 of its levels.

You collected 104 gold pieces.

Inventory:

Hand Weapons
 a - a +0 flail
 g - a +2 dagger of venom (weapon)
 t - a +1 antimagic hand axe
 w - a +4 short sword of holy wrath
Missiles
 d - 3 throwing nets (quivered)
 k - 7 boomerangs of dispersal
 m - 8 silver javelins
Armour
 b - a +0 leather armour (worn)
 c - a +0 helmet (worn)
 v - a +1 chain mail of magic resistance
 y - a +0 cloak (worn)
Jewellery
 s - an uncursed ring of resist corrosion {unknown}
Wands
 o - a wand of digging (12)
 q - a wand of random effects (13)
 u - a wand of acid (8)
Scrolls
 e - 7 scrolls of identify {unknown}
 f - 3 scrolls of remove curse {unknown}
 h - 3 scrolls of magic mapping {unknown}
 i - 2 scrolls of random uselessness {unknown}
 n - 8 scrolls of teleportation {unknown}
Potions
 j - a potion of degeneration
 p - 2 potions of might {unknown}
 r - a potion of magic
 x - a potion of flight {unknown}
 z - a potion of stabbing {unknown}
 A - a potion of haste {unknown}


   Skills:
 + Level 4.2 Fighting
 + Level 3.4 Short Blades
 + Level 5.6 Maces & Flails
 + Level 1.9 Throwing
 + Level 4.0 Armour
 + Level 3.9 Dodging
 + Level 2.7 Stealth


You had 7 spell levels left.
You didn't know any spells.
Your spell library was empty.

Dungeon Overview and Level Annotations

Branches:
Dungeon (6/15)             Temple (1/1) D:4

Altars:
Ashenzari
Cheibriados
Dithmenos
Elyvilon
Fedhas
Gozag
Hepliaklqana
Kikubaaqudgha
Nemelex Xobeh
Okawaru
Qazlal
Sif Muna
Trog
Uskayaw
Vehumet
Wu Jian
Xom
Yredelemnul
Zin
The Shining One

Annotations:
D:3 1 runed translucent door, grandjackal's ghost, weakling DsGl


Innate Abilities, Weirdness & Mutations

You are resistant to torment.
Your stone body is resilient. (AC +5)
You are immune to poison.
You resist negative energy. (rN+)
You are resistant to electric shocks. (rElec)
You can survive without breathing.
You are immune to petrification.
You are immune to rotting.


Message History

The jelly hits you.
* * * LOW HITPOINT WARNING * * *
You are splashed with acid!
* * * LOW HITPOINT WARNING * * *
It was a potion of magic.
Magic courses through your body. The jelly closely misses you.
It was a potion of degeneration.
There was something very wrong with that liquid.
You feel weakened.
You feel dopey.
You feel clumsy.
You kill the jelly!
Okawaru accepts your kill.
It was a potion of curing.
You feel better.
The centaur shoots an arrow.
The arrow hits you!
* * * LOW HITPOINT WARNING * * *
You see here an arrow.
You feel better.
The centaur shoots an arrow.
The arrow misses you.
The centaur unwields a +0 shortbow.
The centaur hits you.
* * * LOW HITPOINT WARNING * * *
The centaur hits you!
You die...

....$........
##............
#......................
#......................
#.....................
#....................
#..c................
#.@................
#####((...............
#.....................
#...................#.
#..................##.
#.......#.........###.
#....(..##.....(..#...
#.......###.....#.#.##
#.......# #.......#.##


You could see a centaur.

Vanquished Creatures
  A black bear (D:6)
  A phantom (D:4)
  3 eyes of draining (D:3)
  A bullfrog (D:4)
  A scorpion (D:3)
  A jelly (D:6)
  2 orc priests
  2 orc wizards (D:3)
  A centaur skeleton (D:6)
  Ijyb (D:3)
  Terence (D:3)
  A worker ant (D:4)
  A hound skeleton (D:4)
  A gnoll (D:3)
  A howler monkey skeleton (D:6)
  11 adders
  5 worms
  2 dart slugs
  3 leopard geckos
  9 orcs
  6 bats
  5 giant cockroaches
  9 goblins
  3 hobgoblins (D:3)
  3 jackals (D:2)
  2 quokkas
  7 frilled lizards
  15 kobolds
  A quokka zombie (D:6)
  9 rats
109 creatures vanquished.

Notes
Turn   | Place    | Note
-------+----------+-------------------------------------------
     0 | D:1      | karrick the Gargoyle Gladiator began the quest for the Orb.
     0 | D:1      | Reached XP level 1. HP: 12/12 MP: 1/1
    66 | D:1      | Reached XP level 2. HP: 16/17 MP: 2/2
  1040 | D:1      | Reached XP level 3. HP: 18/22 MP: 3/3
  1288 | D:2      | Reached skill level 4 in Maces & Flails
  1429 | D:2      | Reached XP level 4. HP: 14/27 MP: 4/4
  1808 | D:2      | Reached skill level 1 in Armour
  2722 | D:2      | Reached XP level 5. HP: 19/32 MP: 5/5
  3109 | D:3      | Noticed an eye of draining
  3140 | D:3      | Killed an eye of draining
  3140 | D:3      | Reached XP level 6. HP: 26/37 MP: 0/6
  3229 | D:3      | Noticed an eye of draining
  3230 | D:3      | Noticed an eye of draining
  3231 | D:3      | Found a bloodstained altar of Trog.
  3238 | D:3      | Killed an eye of draining
  3238 | D:3      | Reached skill level 1 in Short Blades
  3238 | D:3      | Reached skill level 5 in Maces & Flails
  3238 | D:3      | Reached skill level 1 in Stealth
  3248 | D:3      | Killed an eye of draining
  3248 | D:3      | Reached XP level 7. HP: 41/41 MP: 0/7
  3676 | D:3      | Noticed Ijyb
  3689 | D:3      | Killed Ijyb
  3701 | D:3      | Noticed Terence
  3715 | D:3      | Killed Terence
  3869 | D:3      | Found a runed translucent door.
  3869 | D:3      | Noticed grandjackal's ghost (weakling DsGl)
  4164 | D:4      | Found a shadowy altar of Dithmenos.
  4228 | D:4      | Found a staircase to the Ecumenical Temple.
  4274 | Temple   | Entered the Ecumenical Temple
  4467 | Temple   | Became a worshipper of Warmaster Okawaru
  4728 | D:4      | Found a sparkling altar of Nemelex Xobeh.
  4790 | D:4      | Reached XP level 8. HP: 47/48 MP: 8/8
  4966 | D:4      | Found a shimmering blue altar of Sif Muna.
  4966 | D:4      | Found an ancient bone altar of Kikubaaqudgha.
  4991 | D:5      | Entered Level 5 of the Dungeon
  5311 | D:6      | HP: 1/48 [centaur/arrow (14)]
  5313 | D:6      | Slain by a centaur

Illustrated notes

Levels and vault maps discovered:
D:1:      minmay_arrival_nine_rooms, layout_rooms, minivault_19
D:2:      layout_basic
D:3:      layout_loops_corners, trog_eyes_of_draining, gammafunk_ghost_grave,
          uniq_terence, uniq_ijyb
D:4:      layout_loops_ring, nicolae_dithmenos_the_darkroom,
          nemelex_xobeh_ov_fountains_minmay, amethyst_overflow_temple_binary,
          minmay_temple_entry_ruins
D:5:      layout_rooms, serial_shops, shop
D:6:      layout_basic, nrook_uturn
Temple:   regret_index_temple_generic_petals

Skill      XL: |  1  2  3  4  5  6  7  8 |
---------------+-------------------------+-----
Maces & Flails | 4 5 |  5.6
Dodging        | 3 |  3.9
Armour         | 1 2 3 4 |  4.0
Fighting       | 3 4 |  4.2
Short Blades   | 1 2 3 |  3.4
Stealth        | 1 2 |  2.7
Throwing       | |  1.9

Action                   |  1- 3 |  4- 6 |  7- 9 || total
-------------------------+-------+-------+-------++-------
Melee: Flail             |   156 |    79 |       ||   235
       Dagger            |       |    64 |   127 ||   191
       Short sword       |       |       |    41 ||    41
  Use: Potion            |       |       |     4 ||     4
 Stab: Sleeping          |       |       |     3 ||     3
Armor: Leather armour    |    65 |    45 |    50 ||   160
Dodge: Dodged            |   137 |    66 |   107 ||   310

Table legend: (Time is in decaauts)
 A = Elapsed time spent in this place.
 B = Non-inter-level travel time spent in this place.
 C = Inter-level travel time spent in this place.
 D = Time resting spent in this place.
 E = Time spent auto-exploring this place.
 F = Levels seen in this place.
 G = Mean time per level.
                   A        B        C        D        E       F      G
               +--------+--------+--------+--------+--------+-----+--------+
         Total |   5342 |   5237 |    105 |   1196 |   3055 |   7 |  763.1 |
       Dungeon |   5130 |   5054 |     76 |   1196 |   2875 |   6 |  855.0 |
        Temple |    211 |    182 |     29 |      0 |    180 |   1 |  211.0 |
               +--------+--------+--------+--------+--------+-----+--------+

Top non-repeatable levels by time:
     D:2: 1779 daAuts
     D:3: 1299 daAuts
     D:1: 1124 daAuts
     D:4: 613 daAuts
     D:6: 301 daAuts
  Temple: 211 daAuts
     D:5: 11 daAuts
